 Dungeon Crawl Stone Soup version 0.27-a0-1140-g099f9bb0e8 (webtiles) character file.

Game seed: 4476711457750006510

4 CurlyBrace the Chiller (level 1, -2/8 HPs)
             Began as a Felid Ice Elementalist on May 10, 2021.
             Slain by an adder (3 damage)
             ... on level 3 of the Dungeon.
             The game lasted 00:01:06 (136 turns).

CurlyBrace the Chiller (Felid Ice Elementalist)      Turns: 136, Time: 00:01:07

Health: -2/8       AC:  1    Str:  4    XL:     1   Next: 50%
Magic:  2/4        EV: 17    Int: 16    God:
Gold:   37         SH:  0    Dex: 16    Spells: 3/4 levels left
                                        Lives:  0   Deaths: 0

rFire    . . .     SeeInvis +   (weapon unavailable)
rCold    . . .     Faith    .   (shield unavailable)
rNeg     . . .     Spirit   .   (armour unavailable)
rPois    .         Reflect  .   (helmet unavailable)
rElec    .         Harm     .   (cloak unavailable)
rCorr    .         Rampage  .   (gloves unavailable)
Will     .....                  (boots unavailable)
Stlth    ++........             (no amulet)
HPRegen  0.02/turn              (no ring)
MPRegen  0.09/turn              (no ring)

@: quick
A: very small, claws 1, fangs 3, see invisible, speed 1, shaggy fur 1, stealthy
paws, no weapons or thrown items, no armour, multi-lived
a: no special abilities


You were on level 3 of the Dungeon.
You visited 1 branch of the dungeon, and saw 3 of its levels.

You collected 37 gold pieces.

Inventory:

Scrolls
 b - a scroll of enchant armour {unknown}
Potions
 a - a potion of curing {unknown}


   Skills:
 * Level 0.3 Fighting
 + Level 2.8 Dodging
 + Level 2.8 Stealth
 * Level 0.4 Unarmed Combat
 - Level 2.0 Spellcasting
 - Level 3.6 Ice Magic


You had 3 spell levels left.
You knew the following spells:

 Your Spells              Type           Power      Damage    Failure   Level
a - Freeze                Ice            52%        1d7       4%          1

Your spell library contained the following spells:

 Spells                   Type           Power      Damage    Failure   Level
 Frozen Ramparts          Ice            26%        1d4       14%         3
 Ozocubu's Armour         Ice            13%        N/A       14%         3
 Hailstorm                Conj/Ice       7%         3d4       69%         4
 Metabolic Englaciation   Hex/Ice        3%         N/A       95%         5


Dungeon Overview and Level Annotations

Branches:
Dungeon (3/15)

Altars:


Innate Abilities, Weirdness & Mutations

You have sharp claws.
You have razor-sharp teeth.
You have supernaturally acute eyesight. (SInv)
You cover ground quickly. (Speed+)
You are covered in fur. (AC +1)
Your paws help you pounce on unaware monsters.
You are incapable of wielding weapons or throwing items.
You cannot wear armour.
You gain extra lives every three experience levels.


Message History

There is an open door here.
The kobold shouts!
The frilled lizard bites you.
You see here 12 gold pieces.
You now have 37 gold pieces (gained 12).
The kobold throws a stone.
The stone misses you. The frilled lizard barely misses you.
The frilled lizard misses you.
Found 3 gold pieces.
Really walk into that teleport trap?
You enter a teleport trap!
The teleport trap disappears.
Your surroundings suddenly seem different.
An adder comes into view.
A frilled lizard comes into view.
Found 17 gold pieces.
A frilled lizard comes into view.
Found a fuming sapphire potion.
The adder hisses angrily.
The adder bites you.
* * * LOW HITPOINT WARNING * * *
Casting: Freeze (safe; 4% risk of failure)
Confirm with . or Enter, or press ? or * to list all spells.
Aiming: Freeze (safe; 4% risk of failure)
Press: ? - help, Shift-Dir - straight line, f - adder
Aim: an adder You freeze the adder.
The adder is heavily wounded.
The adder completely misses you. The adder closely misses you.
Unknown command.
Unknown command.
Casting: Freeze (safe; 4% risk of failure)
Confirm with . or Enter, or press ? or * to list all spells.
Aiming: Freeze (safe; 4% risk of failure)
Press: ? - help, Shift-Dir - straight line, f/p - adder
Aim: an adder (heavily wounded)
You freeze the adder.
The adder is almost dead.
The adder seems to slow down.
The adder bites you.
You die...

#.# # #.# !## #.#
#####..### #.#
#......... #.#
#......... #.#
#..$...... #.#
#####S........####.##
#...@l.......$.......
#............#####.#l
#......#####. #.#.
##......#### #.#.
#..........# #.#.
#........#.# #.#.
#........#.# #.#.
##+####....# ....
###### .#.


You could see an adder (slow) and a frilled lizard.

Vanquished Creatures
  A quokka (D:2)
  2 bats
  A rat (D:2)
4 creatures vanquished.

Notes
Turn   | Place    | Note
-------+----------+-------------------------------------------
     0 | D:1      | CurlyBrace the Felid Ice Elementalist began the quest for
                  | the Orb.
     0 | D:1      | Reached XP level 1. HP: 7/7 MP: 4/4
   100 | D:3      | Noticed an orc priest
   136 | D:3      | Slain by an adder

Illustrated notes

Levels and vault maps discovered:
D:1:      dpeg_arrival_houses_and_road, layout_loops_corners,
          minmay_shallow_snake_nest
D:2:      layout_rooms, basic_ecumenical_altar, chequers_serial_rivers_micro_d,
          uniq_crazy_yiuf_cottage
D:3:      layout_basic, nicolae_elyvilon_peaceful_grove

Action                   || total
-------------------------++-------
Melee: Unarmed           ||     8
 Cast: Freeze            ||     8
Armor: Skin              ||     2
Dodge: Dodged            ||    22

Table legend: (Time is in decaauts)
 A = Elapsed time spent in this place.
 B = Non-inter-level travel time spent in this place.
 C = Inter-level travel time spent in this place.
 D = Time resting spent in this place.
 E = Time spent auto-exploring this place.
 F = Levels seen in this place.
 G = Mean time per level.
                   A        B        C        D        E       F      G
               +--------+--------+--------+--------+--------+-----+--------+
         Total |    116 |    116 |      0 |      0 |      0 |   3 |   38.7 |
       Dungeon |    116 |    116 |      0 |      0 |      0 |   3 |   38.7 |
               +--------+--------+--------+--------+--------+-----+--------+

Top non-repeatable levels by time:
     D:1: 51 daAuts
     D:3: 35 daAuts
     D:2: 29 daAuts
